cohdb
Replays
Latest Replays
All Replays
Popular Replays
Top Player Replays
Match Explorer
How It Works
Community
CoH3 Stats
Reddit
Sign in to upload your games and track your stats! →
Sign in with Steam
Match 46817168
Unlisted
Match 46817168
Overview
Messages
Build Orders
End
Construct Infanterie Kompanie
Kettenkrad Recon Vehicle
Grenadier Squad
Grenadier Squad
MG 42 Machine Gun Team
Construct Luftwaffe Kompanie
Selects Terror Battlegroup
Selects Heavy Gunnery
Jäger Squad
Luftwaffe Officer Quarters
Jäger Squad
Medical Station
Support Elements
Wirbelwind Flakpanzer
Marder III M Tank Destroyer
Marder III M Tank Destroyer
Jäger Squad
Marder III M Tank Destroyer
Selects Defend the Fatherland
Pioneer Squad
Kettenkrad Recon Vehicle
Selects King Tiger Heavy Tank
King Tiger Heavy Tank
Selects Contempt for the Weak
Bruistablet
GloriousBastard
0
0
Comments
sign in to comment!
No comments posted yet!